 Dungeon Crawl Stone Soup version 0.30-a0-585-g93115170b9 (webtiles) character file.

Game seed: 7822138161530536747

1894 pokeman the Thaumaturge (level 8, 0/44 HPs)
             Began as a Deep Elf Hedge Wizard on Jan 2, 2023.
             Was a Believer of Vehumet.
             Slain by a centaur zombie (1 damage)
             ... in an ossuary.
             The game lasted 00:15:13 (7320 turns).

pokeman the Thaumaturge (Deep Elf Hedge Wizard)     Turns: 7320, Time: 00:15:14

Health: 0/44       AC:  4    Str:  7    XL:     8   Next: 93%
Magic:  23/24      EV: 13    Int: 26    God:    Vehumet [**....]
Gold:   216        SH:  0    Dex: 14    Spells: 16/28 levels left

rFire   . . .      SeeInvis .    t - +1 dagger (venom)
rCold   . . .      Faith    .    (no shield)
rNeg    . . .      Spirit   .    z - +2 robe of Jyar {*Corrode Fly Int+4 Slay+3}
rPois   .          Reflect  .    c - +0 hat
rElec   .          Harm     .    G - scarf {shadows}
rCorr   .          Rampage  .    (no gloves)
Will    .....                    (no boots)
Stlth   ++                       B - amulet of magic regeneration
HPRegen 0.27/turn                (no ring)
MPRegen 0.59/turn                (no ring)

@: marked, on blink cooldown, flying
A: no striking features
a: Renounce Religion


You were in an ossuary.
You worshipped Vehumet.
Vehumet was pleased with you.
You visited 1 branch of the dungeon, and saw 7 of its levels.
You also visited: Ossuary.

You collected 331 gold pieces.
You spent 115 gold pieces at shops.

Inventory:

Hand Weapons
 t - a +1 dagger of venom (weapon)
Armour
 c - a +0 hat (worn)
 z - the +2 robe of Jyar (worn) {*Corrode Fly Int+4 Slay+3}
   (You found it on level 3 of the Dungeon)

   Int:       It affects your intelligence (+4).
   Slay:      It affects your accuracy & damage with ranged weapons and melee
   (+3).
   Fly:       It grants you flight.
   *Corrode:  It may corrode you when you take damage.
 E - a +0 buckler
 G - a scarf of shadows (worn)
Jewellery
 j - an amulet of reflection
 B - an amulet of magic regeneration (around neck)
Wands
 w - a wand of light (25)
Scrolls
 b - 3 scrolls of noise {unknown}
 e - 3 scrolls of enchant armour {unknown}
 f - 2 scrolls of poison {unknown}
 h - 2 scrolls of fear {unknown}
 k - 2 scrolls of brand weapon {unknown}
 m - 6 scrolls of teleportation
 o - a scroll of amnesia {unknown}
 q - 4 scrolls of identify {unknown}
 r - 2 scrolls of fog {unknown}
 s - a scroll of torment {unknown}
 u - a scroll of summoning {unknown}
 y - 3 scrolls of magic mapping
 D - 3 scrolls of vulnerability {unknown}
 F - a scroll of immolation {unknown}
Potions
 a - 2 potions of attraction {unknown}
 d - a potion of magic
 g - 3 potions of might {unknown}
 i - 3 potions of brilliance {unknown}
 l - a potion of ambrosia {unknown}
 n - 2 potions of heal wounds {unknown}
 p - a potion of cancellation {unknown}
 v - a potion of haste {unknown}
 x - 4 potions of lignification {unknown}
 A - 2 potions of resistance {unknown}
 C - 2 potions of invisibility {unknown}
 H - a potion of curing {unknown}


   Skills:
 - Level 2.0 Fighting
 - Level 2.1 Armour
 - Level 3.3 Dodging
 - Level 3.3 Stealth
 + Level 1.8 Shields
 * Level 10.6 Spellcasting
 + Level 5.7 Conjurations
 + Level 4.0 Summonings
 - Level 1.1 Translocations
 - Level 1.2 Air Magic
 - Level 1.1 Earth Magic
 - Level 1.0 Poison Magic
 - Level 1.2 Evocations


You had 16 spell levels left.
You knew the following spells:

 Your Spells              Type           Power      Damage    Failure   Level
a - Magic Dart            Conj           100%       1d8       1%          1
b - Mephitic Cloud        Conj/Pois/Air  27%        N/A       4%          3
c - Call Imp              Summ           34%        N/A       1%          2
d - Blink                 Tloc           38%        N/A       4%          2
e - Foxfire               Conj/Fire      100%       2x1d9     1%          1
f - Stone Arrow           Conj/Erth      62%        3d10      3%          3

Your spell library contained the following spells:

 Spells                   Type           Power      Damage    Failure   Level
 Scorch                   Fire           26%        2d6       7%          2
 Sandblast                Erth           38%        2d10      2%          1
 Call Canine Familiar     Summ           34%        N/A       2%          3
 Slow                     Hex            52%        N/A       4%          1
 Cigotuvi's Dreadful Rot  Necr/Pois/Air  34%        N/A       4%          2
 Passwall                 Tmut/Erth      13%        N/A       5%          2
 Portal Projectile        Hex/Tloc       32%        N/A       11%         3
 Leda's Liquefaction      Hex/Erth       8%         N/A       34%         4


Dungeon Overview and Level Annotations

Branches:
Dungeon (7/15)             Temple (0/1) D:5         Ossuary (1/1)

Altars:
Dithmenos
Okawaru
Qazlal
Vehumet
Zin

Shops:
D:3 ?   D:4 *


Message History

The centaur zombie closely misses you.
Your crimson imp barely misses the centaur zombie.
Unknown command.
Casting: Foxfire (safe; 1% risk of failure)
Confirm with . or Enter, or press ? or * to list all spells.
You conjure some foxfire!
The foxfire hits the centaur zombie but does no damage.
The foxfire hits the centaur zombie.
The centaur zombie is lightly damaged.
The centaur zombie misses you. The centaur zombie closely misses you.
Your crimson imp hits the centaur zombie.
Unknown command.
The centaur zombie attacks as you move away!
The centaur zombie hits you.
* * * LOW HITPOINT WARNING * * *
The centaur zombie closely misses you.
The foxfire hits the centaur zombie.
The centaur zombie is moderately damaged.
The foxfire hits the centaur zombie.
The centaur zombie is moderately damaged.
The centaur zombie hits you.
* * * LOW HITPOINT WARNING * * *
The centaur zombie kicks you but does no damage.
Your crimson imp blinks!
Unknown command.
Casting: Foxfire (safe; 1% risk of failure)
Confirm with . or Enter, or press ? or * to list all spells.
You blink.
The centaur zombie hits you.
* * * LOW HITPOINT WARNING * * *
The centaur zombie kicks you but does no damage.
Your crimson imp blinks!
The centaur zombie hits you.
* * * LOW HITPOINT WARNING * * *
The centaur zombie kicks you but does no damage.
The centaur zombie attacks as you move away!
The centaur zombie hits you but does no damage.
The centaur zombie kicks you but does no damage.
The centaur zombie hits you.
* * * LOW HITPOINT WARNING * * *
The centaur zombie kicks you.
You die...

####################
#.........∩∩........
#...................
#...##############..
#...# #.. #...# #..
#...# ....+####..
#...# #.∩.....#..
#.Z@# #.......#..
#...# #.......#..
#.Z.#Z####ZZ.Z...#..
#...#....ZZZZ....#..
#.Z.# #.Z# #.. #...#
#..# #.. #.M.# #.Z#
#..
#...######.Z######..
#...Z...MZM.........


You could see a mummy, a hobgoblin zombie, an orc zombie and a centaur zombie.

Vanquished Creatures
  Menkaure (D:7)
  Edmund (D:5)
  Duvessa (D:6)
  2 black bears
  An ice beast (D:7)
  An orc warrior (D:6)
  A sky beast (D:6)
  2 ogres
  A centaur (D:7)
  A phantom (D:6)
  3 scorpions (D:5)
  Dowan (D:6)
  A jelly (D:5)
  A centaur zombie (Ossuary)
  2 hounds
  An orc priest (D:6)
  6 iguanas
  3 orc wizards (D:6)
  5 adders
  A shadow imp (D:5)
  2 white imps (D:6)
  An ufetubus (D:6)
  An adder zombie (Ossuary)
  A worm (D:2)
  3 dart slugs
  21 orcs
  10 endoplasms
  2 giant cockroaches
  8 goblins
  6 hobgoblins
  10 kobolds
  A quokka (D:1)
  3 ball pythons
  8 bats
  4 frilled lizards
  A goblin zombie (Ossuary)
  6 hobgoblin zombies (Ossuary)
  A jackal zombie (Ossuary)
  5 kobold zombies (Ossuary)
  9 orc zombies (Ossuary)
  6 rats
145 creatures vanquished.

Vanquished Creatures (others)
  176 foxfires
176 creatures vanquished.

Grand Total: 321 creatures vanquished

Notes
Turn   | Place    | Note
-------+----------+-------------------------------------------
     0 | D:1      | pokeman the Deep Elf Hedge Wizard began the quest for the
                  | Orb.
     0 | D:1      | Reached XP level 1. HP: 10/10 MP: 7/7
   175 | D:1      | Found a faded altar of an unknown god.
   307 | D:1      | Reached XP level 2. HP: 16/16 MP: 1/9
  1131 | D:2      | Reached skill level 5 in Spellcasting
  1374 | D:2      | Reached XP level 3. HP: 19/20 MP: 8/11
  1378 | D:2      | Learned a level 3 spell: Mephitic Cloud
  1381 | D:2      | Learned a level 2 spell: Call Imp
  1384 | D:2      | Learned a level 2 spell: Blink
  1539 | D:2      | You fall into a shaft and drop 1 floor!
  2078 | D:2      | Reached skill level 1 in Fighting
  2321 | D:2      | Reached skill level 1 in Armour
  2659 | D:3      | Found a glowing silver altar of Zin.
  2659 | D:3      | Noticed an angel
  2756 | D:3      | Reached XP level 4. HP: 25/25 MP: 6/13
  2905 | D:3      | Found Wubiziru's Magic Scroll Shop.
  2919 | D:3      | Bought a scroll of magic mapping for 82 gold pieces
  2954 | D:3      | Identified the +2 robe of Jyar {*Corrode Fly Int+4 Slay+3}
  3270 | D:3      | Identified the +1 scale mail of the First Scars {*Corrode
                  | rC+ rN+ Slay+3}
  3646 | D:3      | Bought a scroll of teleportation for 33 gold pieces
  3940 | D:4      | Found Wafaheh's Elemental Accessories.
  3945 | D:4      | Found a radiant altar of Vehumet.
  3946 | D:4      | Noticed a black bear
  4019 | D:4      | Became a worshipper of Vehumet
  4038 | D:4      | Killed a black bear
  4039 | D:4      | Reached skill level 6 in Spellcasting
  4039 | D:4      | Reached XP level 5. HP: 14/29 MP: 11/15
  4146 | D:4      | Learned a level 3 spell: Stone Arrow
  4839 | D:5      | Entered Level 5 of the Dungeon
  4843 | D:5      | Noticed Edmund
  4859 | D:5      | Reached XP level 6. HP: 34/34 MP: 9/17
  4864 | D:5      | HP: 1/34 [Edmund/+3 heavy flail (16)]
  4996 | D:5      | Found an iron altar of Okawaru.
  5067 | D:5      | Reached skill level 1 in Poison Magic
  5130 | D:5      | Found a staircase to the Ecumenical Temple.
  5146 | D:5      | Found a stormy altar of Qazlal.
  5146 | D:5      | Found a shadowy altar of Dithmenos.
  5162 | D:5      | Reached skill level 7 in Spellcasting
  5162 | D:5      | Reached skill level 1 in Air Magic
  5289 | D:5      | Reached skill level 1 in Shields
  5503 | D:5      | Reached skill level 1 in Earth Magic
  5503 | D:5      | Reached XP level 7. HP: 38/38 MP: 15/20
  5551 | D:5      | Killed Edmund
  5552 | D:5      | Reached skill level 8 in Spellcasting
  5552 | D:5      | Reached skill level 1 in Evocations
  6298 | D:6      | Reached * piety under Vehumet
  6298 | D:6      | Offered knowledge of Foxfire by Vehumet.
  6309 | D:6      | Reached XP level 8. HP: 19/44 MP: 15/22
  6311 | D:6      | Learned a level 1 spell: Foxfire
  6351 | D:6      | Reached skill level 9 in Spellcasting
  6727 | D:6      | Reached skill level 5 in Conjurations
  6732 | D:6      | Noticed Duvessa
  6732 | D:6      | Noticed Dowan
  6741 | D:6      | Killed Duvessa
  6741 | D:6      | Killed Dowan
  6898 | D:6      | Reached skill level 10 in Spellcasting
  7049 | D:7      | Found a sand-covered staircase.
  7053 | D:7      | Noticed Menkaure
  7060 | D:7      | Killed Menkaure
  7173 | Ossuary  | Entered an ossuary
  7281 | Ossuary  | Reached ** piety under Vehumet
  7285 | Ossuary  | Offered knowledge of Scorch by Vehumet.
  7318 | Ossuary  | HP: 2/44 [centaur zombie (1)]
  7320 | Ossuary  | Slain by a centaur zombie

Illustrated notes

Levels and vault maps discovered:
D:1:      grunt_arrival_crossed_arrows, layout_loops_ring,
          ebering_ecumenical_altar_petrified
D:2:      layout_basic, minivault_24, grunt_ministairs_11, hex_intersection
D:3:      layout_loops_corners, zin_angel, serial_shops,
          nicolae_shop_temple_entry_statues_fountains, minmay_splitting_lines
D:4:      layout_loops_ring, lemuel_tele_altar, minmay_misc_feat_roman,
          minivault_5, nicolae_elemental_shop, kennysheep_generic_room_10
D:5:      layout_basic, grunt_temple_overflow_open,
          minmay_temple_entry_statues_fountains, uniq_edmund
D:6:      dreamdust_elfheim, layout_rooms
D:7:      layout_loops_ring, mainiacjoe_overflow_big_doors,
          nicolae_ossuary_entry_monument, uniq_maggie, uniq_menkaure,
          uniq_crazy_yiuf_cottage
Ossuary:  ossuary_tomb_1

Skill      XL: |  1  2  3  4  5  6  7  8 |
---------------+-------------------------+-----
Spellcasting   | 5 6 7 8 10 | 10.6
Fighting       | 1 2 |  2.0
Armour         | 1 2 |  2.1
Conjurations   | 2 3 4 5 |  5.7
Dodging        | 3 |  3.3
Stealth        | 3 |  3.3
Poison Magic   | 1 |  1.0
Air Magic      | 1 |  1.2
Shields        | 1 |  1.8
Earth Magic    | 1 |  1.1
Evocations     | 1 |  1.2
Summonings     | 2 4 |  4.0
Translocations | |  1.1

Action                   |  1- 3 |  4- 6 |  7- 9 || total
-------------------------+-------+-------+-------++-------
Melee: Long sword        |       |    22 |    12 ||    34
       Punch             |       |     1 |     1 ||     2
       Battleaxe         |       |       |     6 ||     6
       Dagger            |       |       |     2 ||     2
 Cast: Magic Dart        |   132 |    92 |    74 ||   298
       Call Imp          |     1 |     3 |     1 ||     5
       Mephitic Cloud    |       |    15 |     6 ||    21
       Blink             |       |     2 |     1 ||     3
       Stone Arrow       |       |       |     7 ||     7
       Foxfire           |       |       |   103 ||   103
 Stab: Confused          |       |     4 |     4 ||     8
Armor: Robe              |     1 |    14 |    30 ||    45
Dodge: Dodged            |     7 |    33 |    55 ||    95
Block: Other             |     5 |     6 |       ||    11
       Reflection        |     3 |       |       ||     3

Table legend: (Time is in decaauts)
 A = Elapsed time spent in this place.
 B = Non-inter-level travel time spent in this place.
 C = Inter-level travel time spent in this place.
 D = Time resting spent in this place.
 E = Time spent auto-exploring this place.
 F = Levels seen in this place.
 G = Mean time per level.
                   A        B        C        D        E       F      G
               +--------+--------+--------+--------+--------+-----+--------+
         Total |   7336 |   7001 |    335 |    422 |   5505 |   8 |  917.0 |
       Dungeon |   7190 |   6855 |    335 |    420 |   5482 |   7 | 1027.1 |
       Ossuary |    146 |    146 |      0 |      2 |     23 |   1 |  146.0 |
               +--------+--------+--------+--------+--------+-----+--------+

Top non-repeatable levels by time:
     D:3: 1403 daAuts
     D:2: 1315 daAuts
     D:4: 1147 daAuts
     D:5: 1146 daAuts
     D:1: 1136 daAuts
     D:6: 914 daAuts
 Ossuary: 146 daAuts
     D:7: 125 daAuts
